 Dungeon Crawl Stone Soup version 0.22.1-2-g9c5b331 (webtiles) character file.

128 Fang the Skirmisher (level 5, -4/34 HPs)
             Began as a Gargoyle Berserker on Nov 29, 2018.
             Was a Believer of Trog.
             Slain by a goblin (5 damage)
             ... on level 3 of the Dungeon.
             The game lasted 00:01:27 (2041 turns).

Fang the Skirmisher (Gargoyle Berserker)            Turns: 2041, Time: 00:01:27

Health: -4/34      AC:  6    Str: 26    XL:     5   Next: 12%
Magic:  5/5        EV: 12    Int:  8    God:    Trog [**....]
Gold:   212        SH:  3    Dex:  9    Spells: 4/4 levels left

rFire    . . .     SeeInvis .   a - +0 hand axe
rCold    + . .     Gourm    .   (no shield)
rNeg     + . .     Faith    .   b - +0 animal skin
rPois    ∞         Spirit   .   (no helmet)
rElec    +         Reflect  +   (no cloak)
rCorr    .         Harm     .   (no gloves)
MR       .....                  (no boots)
Stlth    +.........             n - +3 amulet of reflection
HPRegen  0.11/turn              o - ring of protection from cold
MPRegen  0.09/turn              (no ring)

@: mighty, berserk cooldown, slowed, very slow
A: negative energy resistance 1, electricity resistance, unbreathing,
petrification resistance, rot immunity, AC +4
a: Berserk, Trog's Hand, Renounce Religion


You were on level 3 of the Dungeon.
You worshipped Trog.
Trog was pleased with you.
You were not hungry.

You visited 1 branch of the dungeon, and saw 3 of its levels.

You collected 212 gold pieces.

Inventory:

Hand Weapons
 a - a +0 hand axe (weapon)
Armour
 b - a +0 animal skin (worn)
Jewellery
 n - a +3 amulet of reflection (around neck)
 o - a ring of protection from cold (left hand)
Scrolls
 d - 2 scrolls of fog {unknown}
 e - a scroll of blinking {unknown}
 f - a scroll of teleportation {unknown}
 i - 3 scrolls of identify {unknown}
 j - 2 scrolls of magic mapping {unknown}
 k - a scroll of remove curse {unknown}
 l - 2 scrolls of amnesia {unknown}
 m - a scroll of fear {unknown}
Potions
 g - a potion of invisibility {unknown}
 h - 3 potions of might
Comestibles
 c - 6 rations


   Skills:
 + Level 4.3 Fighting
 + Level 4.1 Axes
 + Level 2.3 Armour
 + Level 2.1 Dodging
 + Level 0.3 Stealth


You had 4 spell levels left.
You didn't know any spells.
Your spell library was empty.

Dungeon Overview and Level Annotations

Branches:
Dungeon (3/15)

Altars:

Annotations:
D:3 Ijyb, Robin


Innate Abilities, Weirdness & Mutations

You are resistant to torment.
Your stone body is resilient. (AC +4)
You are immune to poison.
You resist negative energy. (rN+)
You are resistant to electric shocks. (rElec)
You can survive without breathing.
You are immune to petrification.
You are immune to rotting.


Message History

You closely miss the goblin. Ijyb closely misses you.
Robin hits you from afar with a trident.
* * * LOW HITPOINT WARNING * * *
The goblin closely misses you. You block Ijyb's attack.
The goblin closely misses you. Robin barely misses you.
You hit Ijyb.
Ijyb is almost dead.
You hit the goblin but do no damage.
The goblin no longer looks unusually strong.
Ijyb closely misses you. The goblin barely misses you.
You block Robin's attack. Ijyb hits you but does no damage.
The goblin hits you but does no damage.
It was a potion of might.
You feel very mighty all of a sudden.
Robin roars a battlecry!
The goblin goes into a battle-frenzy!
Ijyb hits you.
* * * LOW HITPOINT WARNING * * *
The goblin hits you.
You die...

.....# .....
########....
...........
..........
.........#
......)gg#
.....g)@)#
.......).#
....$....#
.........#
.........#
..........
..........
....######.


You could see Ijyb, Robin and a goblin.

Vanquished Creatures
  A bullfrog (D:2)
  2 oozes
  2 worms
  A dart slug (D:1)
  A leopard gecko (D:2)
  12 goblins
  5 hobgoblins
  7 jackals (D:2)
  2 quokkas (D:2)
  4 bats (D:2)
  4 frilled lizards
  4 kobolds
  6 rats
51 creatures vanquished.

Notes
Turn   | Place    | Note
-------+----------+-------------------------------------------
     0 | D:1      | Fang the Gargoyle Berserker began the quest for the Orb.
     0 | D:1      | Reached XP level 1. HP: 14/14 MP: 1/1
   290 | D:1      | Reached XP level 2. HP: 18/19 MP: 2/2
  1055 | D:2      | Reached XP level 3. HP: 23/24 MP: 3/3
  1228 | D:2      | Reached ** piety under Trog
  1470 | D:2      | Noticed a bullfrog
  1484 | D:2      | Killed a bullfrog
  1484 | D:2      | Reached XP level 4. HP: 8/29 MP: 4/4
  2016 | D:3      | Noticed Ijyb
  2016 | D:3      | Noticed Robin
  2021 | D:3      | Reached XP level 5. HP: 34/34 MP: 5/5
  2041 | D:3      | HP: 1/34 [Ijyb (2)]
  2041 | D:3      | Slain by a goblin

Skill      XL: |  1  2  3  4 |
---------------+-------------+-----
Axes           | 3 4 |  4.1
Fighting       | 4 |  4.3
Dodging        | 2 |  2.1
Armour         | |  2.3
Stealth        | |  0.3

Action                   |  1- 3 |  4- 6 || total
-------------------------+-------+-------++-------
Melee: Hand axe          |   103 |    34 ||   137
Invok: Berserk           |     1 |     1 ||     2
  Use: Potion            |       |     1 ||     1
  Eat: Chunk             |     2 |     1 ||     3
       Ration            |       |     1 ||     1
Armor: Animal skin       |    36 |    20 ||    56
Dodge: Dodged            |    74 |    41 ||   115
Block: Other             |       |     6 ||     6
